 Dungeon Crawl Stone Soup version 0.22.1-1-ga44c0e5 (webtiles) character file.

24620 michailiordanis the Basher (level 12, -13/110 HPs)
             Began as a Minotaur Hunter on Sept 22, 2018.
             Was a High Priest of Trog.
             Mangled by a red ugly thing (15 damage)
             ... while paralysed
             ... on level 14 of the Dungeon on Sept 26, 2018.
             The game lasted 04:11:03 (17058 turns).

michailiordanis the Basher (Minotaur Hunter)       Turns: 17058, Time: 04:11:06

Health: -13/110    AC: 24    Str: 22    XL:     12   Next: 82%
Magic:  0/25       EV:  2    Int:  8    God:    Trog [*****.]
Gold:   205        SH:  0    Dex: 11    Spells: 11/11 levels left

rFire    . . .     SeeInvis +   r - +4 morningstar (venom)
rCold    . . .     Gourm    .   b - +1 buckler {AC+3}
rNeg     . . .     Faith    .   B - +1 plate armour {MR+}
rPois    .         Spirit   +   (helmet restricted)
rElec    .         Reflect  .   A - +1 cloak {+Inv}
rCorr    .         Harm     .   c - +0 pair of gloves
MR       +....                  T - +0 pair of boots
Stlth    ..........             R - amulet of guardian spirit
HPRegen  0.28/turn              e - ring of see invisible
MPRegen  0.19/turn              O - ring of magical power

@: paralysed, berserk cooldown, starving, slowed
A: retaliatory headbutt, horns 2
a: Berserk, Trog's Hand, Brothers in Arms, Renounce Religion, Evoke Invisibility


You were on level 14 of the Dungeon.
You worshipped Trog.
Trog was extremely pleased with you.
You were starving.

You visited 1 branch of the dungeon, and saw 14 of its levels.

You collected 876 gold pieces.
You spent 671 gold pieces at shops.

Inventory:

Hand Weapons
 o - a +0 hand axe of flaming
 r - a +4 morningstar of venom (weapon)
 s - a +4 hunting sling of freezing
 G - a +0 blowgun
Missiles
 d - 103 sling bullets
 m - 5 javelins (quivered)
 H - a throwing net
 K - 23 stones
 M - 4 curare-tipped needles
 P - 36 poisoned needles
 Q - 14 tomahawks
Armour
 b - a +1 buckler of protection (worn)
 c - a +0 pair of gloves (worn)
 A - a +1 cloak of invisibility (worn)
 B - a +1 plate armour of magic resistance (worn)
 T - a +0 pair of boots (worn)
 Z - +0 acid dragon scales
Jewellery
 e - a ring of see invisible (left hand)
 k - an uncursed ring of ice
 z - a +3 ring of intelligence {unknown}
 O - a ring of magical power (right hand)
 R - an amulet of guardian spirit (around neck)
 S - a cursed -2 ring of dexterity {unknown}
Wands
 a - a wand of flame (47)
 p - a wand of clouds (4)
 u - a wand of paralysis (17)
 I - a wand of polymorph (14)
 L - a wand of iceblast (19)
 U - a wand of enslavement (19)
 V - a wand of scattershot (6)
Scrolls
 g - 2 scrolls of blinking {unknown}
 i - 2 scrolls of magic mapping {unknown}
 j - 2 scrolls of remove curse
 q - 4 scrolls of enchant weapon
 t - 2 scrolls of enchant armour {unknown}
 y - 2 scrolls of noise {unknown}
 C - 3 scrolls of random uselessness {unknown}
 E - 4 scrolls of teleportation
 N - a scroll of brand weapon {unknown}
Potions
 h - 8 potions of heal wounds
 l - 2 potions of cancellation {unknown}
 n - 7 potions of curing
 v - 3 potions of haste
 w - 2 potions of flight
 x - 2 potions of magic {unknown}
 D - 6 potions of brilliance {unknown}
 F - a potion of invisibility
 J - a potion of lignification {unknown}
 X - 2 potions of resistance {unknown}
Miscellaneous
 Y - a lamp of fire
Comestibles
 f - 27 rations


   Skills:
 + Level 11.0 Fighting
 * Level 12.9 Maces & Flails
 - Level 10.0(10.2) Slings
 + Level 2.7(6.4) Throwing
 + Level 10.9 Armour
 - Level 2.2 Dodging
 - Level 0.7 Stealth
 + Level 7.9 Shields
 + Level 7.7 Evocations


You had 11 spell levels left.
You didn't know any spells.
Your spell library was empty.

Dungeon Overview and Level Annotations

Branches:
Dungeon (14/15)            Temple (0/1) D:4            Lair (0/6) D:8
    Orc (0/2) D:11
 Vaults: D:13-14

Altars:
Okawaru
Qazlal
Sif Muna
Trog
Uskayaw
Yredelemnul

Shops:
D:5 *   D:7 [   D:9 ([*?[

Annotations:
D:11 3 runed doors


Innate Abilities, Weirdness & Mutations

You reflexively headbutt those who attack you in melee.
You have a pair of horns on your head.


Message History

You puncture the red ugly thing!
You kill the red ugly thing!
Trog accepts your kill.
The red ugly thing bites you but does no damage.
You see here an ugly thing corpse.
You barely miss the red ugly thing. The red ugly thing bites you!
* * * LOW HITPOINT WARNING * * *
You are engulfed in flames!!
* * * LOW HITPOINT WARNING * * *
You beat the red ugly thing like a drum!!!
You headbutt the red ugly thing!!
The red ugly thing is almost dead.
You are no longer berserk.
You pass out from exhaustion.
You feel yourself slow down.
You hear a shout! x2
The red ugly thing bites you!
* * * LOW HITPOINT WARNING * * *
You are engulfed in flames!
You die...

#.......#
#..>.>..#
#....>..#
.......#
#......###
#.[.....!.
#.†((..# #.####
#u@..## ####..#
##.## #..#
#######'###
#...<.....#
..!!...........+
######.........#
#.........#


You could see a red ugly thing.

Vanquished Creatures
  Josephine (D:12)
  Fannar (D:10)
  2 hydras
  5 two-headed ogres
  Sonja (D:13)
  An unseen horror (D:13)
  A wolf spider (D:12)
  A manticore (D:12)
  8 ugly things
  4 cyclopes
  3 gargoyles
  A kobold demonologist (D:13)
  3 trolls
  4 slime creatures
  2 dream sheep (D:8)
  A hippogriff (D:11)
  6 yaks
  5 wraiths
  2 hungry ghosts
  Menkaure (D:4)
  An acid dragon (D:13)
  4 porcupines
  3 sky beasts
  4 orc warriors
  5 ice beasts
  2 necrophages
  A hornet zombie (D:10)
  4 phantoms
  7 centaurs
  9 ogres
  3 big kobolds (D:8)
  4 bullfrogs
  A wyvern skeleton (D:7)
  2 scorpions
  7 killer bees
  4 wights
  6 howler monkeys
  A centaur zombie (D:11)
  6 crimson imps
  3 hounds
  4 jellies
  3 quasits
  A bullfrog zombie (D:11)
  5 orc priests
  Crazy Yiuf (D:2)
  3 centaur skeletons
  A gnoll shaman (D:4)
  15 orc wizards
  3 bullfrog skeletons
  7 iguanas
  11 worker ants
  A hound zombie (D:5)
  A hound skeleton (D:7)
  6 worker ant zombies
  Robin (D:3)
  3 gnolls (D:4)
  13 adders
  2 river rats (D:4)
  5 shadow imps
  An ooze (D:1)
  3 worms
  2 dart slugs (D:1)
  6 leopard geckos
  73 orcs
  2 ball pythons
  13 bats
  5 giant cockroaches
  12 goblins
  13 hobgoblins
  16 jackals
  3 quokkas
  4 frilled lizards
  A jackal skeleton (D:5)
  8 kobolds
  2 quokka skeletons
  11 rats
  3 plants (D:9)
394 creatures vanquished.

Vanquished Creatures (collateral kills)
  A yak (D:11)
1 creature vanquished.

Vanquished Creatures (others)
  An acid dragon (D:11)
  12 plants
13 creatures vanquished.

Grand Total: 408 creatures vanquished

Notes
Turn   | Place    | Note
-------+----------+-------------------------------------------
     0 | D:1      | michailiordanis the Minotaur Hunter began the quest for the
                  | Orb.
     0 | D:1      | Reached XP level 1. HP: 18/18 MP: 0/0
    56 | D:1      | Reached XP level 2. HP: 11/25 MP: 1/1
   117 | D:1      | Reached skill level 1 in Armour
   283 | D:1      | Reached skill level 1 in Maces & Flails
   506 | D:1      | Reached XP level 3. HP: 31/31 MP: 2/2
   824 | D:2      | Noticed Robin
   934 | D:2      | Reached skill level 2 in Maces & Flails
  1072 | D:2      | Found a runed door.
  1236 | D:2      | Reached XP level 4. HP: 35/38 MP: 3/3
  1275 | D:2      | Found a bloodstained altar of Trog.
  1280 | D:2      | Became a worshipper of Trog the Wrathful
  1304 | D:2      | Found a stormy altar of Qazlal.
  1371 | D:2      | Reached skill level 5 in Slings
  1703 | D:2      | Noticed Crazy Yiuf
  1714 | D:2      | Killed Crazy Yiuf
  2002 | D:3      | Killed Robin
  2007 | D:3      | Reached skill level 3 in Maces & Flails
  2007 | D:3      | Reached XP level 5. HP: 38/45 MP: 4/4
  2698 | D:4      | Reached skill level 1 in Evocations
  2757 | D:4      | Reached XP level 6. HP: 36/52 MP: 5/5
  2769 | D:4      | Reached skill level 4 in Maces & Flails
  2788 | D:4      | Found a staircase to the Ecumenical Temple.
  2826 | D:4      | Found a deep blue altar of Sif Muna.
  2828 | D:4      | Found a hide-covered altar of Uskayaw.
  2851 | D:4      | Reached * piety under Trog
  2965 | D:4      | Noticed Menkaure
  3330 | D:4      | Found a glowing drain.
  3707 | D:4      | Killed Menkaure
  3707 | D:4      | Reached skill level 5 in Maces & Flails
  3707 | D:4      | Reached XP level 7. HP: 43/60 MP: 7/7
  3903 | D:5      | Entered Level 5 of the Dungeon
  4463 | D:5      | Reached ** piety under Trog
  4476 | D:5      | Found Zabled's General Store.
  4582 | D:5      | Reached skill level 6 in Maces & Flails
  4900 | D:5      | Reached skill level 5 in Fighting
  5147 | D:5      | Reached XP level 8. HP: 49/68 MP: 9/9
  5544 | D:6      | Found a basalt altar of Yredelemnul.
  5893 | D:6      | Reached skill level 5 in Armour
  6093 | D:6      | Reached skill level 7 in Maces & Flails
  7206 | D:7      | Reached XP level 9. HP: 75/75 MP: 10/10
  7326 | D:7      | Found Ikhiluveu's Antique Armour Shoppe.
  7883 | D:8      | Noticed a two-headed ogre
  7893 | D:8      | Killed a two-headed ogre
  7893 | D:8      | Reached skill level 8 in Maces & Flails
  8000 | D:8      | Reached *** piety under Trog
  8034 | D:8      | Reached skill level 1 in Shields
  8095 | D:8      | Reached skill level 9 in Maces & Flails
  8224 | D:8      | Received a gift from Trog
  8352 | D:8      | Reached XP level 10. HP: 50/86 MP: 12/12
  8353 | D:8      | Reached skill level 5 in Evocations
  8359 | D:8      | Noticed a two-headed hydra
  8370 | D:8      | Killed a one-headed hydra
  8588 | D:8      | Found an iron altar of Okawaru.
  9243 | D:8      | Found a staircase to the Lair.
  9464 | D:9      | Reached skill level 10 in Maces & Flails
  9890 | D:9      | Reached **** piety under Trog
  9973 | D:9      | Found Jaxkei's Magic Scroll Shop.
  9980 | D:9      | Bought a scroll of teleportation for 39 gold pieces
 10108 | D:9      | Found Olufesch's Assorted Antiques.
 10112 | D:9      | Bought a pair of boots for 121 gold pieces
 10126 | D:9      | Found Raeggid's Antique Armour Boutique.
 10606 | D:9      | Bought a cloak for 99 gold pieces
 10686 | D:9      | Found Xuyn's Armour Emporium.
 10711 | D:9      | Found Xoetiuha's Antique Weapon Shoppe.
 10774 | D:9      | Found a stormy altar of Qazlal.
 11152 | D:9      | Found a deep blue altar of Sif Muna.
 11697 | D:10     | Entered Level 10 of the Dungeon
 11727 | D:10     | Reached XP level 11. HP: 95/95 MP: 14/14
 11745 | D:10     | Noticed Fannar
 11777 | D:10     | Killed Fannar
 11777 | D:10     | Reached skill level 11 in Maces & Flails
 11823 | D:10     | Noticed a two-headed ogre
 11840 | D:10     | Killed a two-headed ogre
 11865 | D:10     | Reached skill level 5 in Shields
 12344 | D:10     | Noticed a two-headed ogre
 12360 | D:10     | Killed a two-headed ogre
 12360 | D:10     | Received a gift from Trog
 13451 | D:11     | Found a runed gate.
 13451 | D:11     | Found a runed gate.
 13452 | D:11     | Found a runed gate.
 13453 | D:11     | Noticed a purple ugly thing
 13454 | D:11     | Noticed a white ugly thing
 13455 | D:11     | Noticed a red ugly thing
 13685 | D:11     | Found a staircase to the Orcish Mines.
 13874 | D:11     | Reached ***** piety under Trog
 13931 | D:11     | Noticed a two-headed ogre
 13940 | D:11     | Killed a two-headed ogre
 13940 | D:11     | Reached skill level 12 in Maces & Flails
 14116 | D:11     | Noticed a glowing orange brain
 14116 | D:11     | Noticed a green ugly thing
 14116 | D:11     | Noticed a green very ugly thing
 14116 | D:11     | Noticed a red ugly thing
 14548 | D:12     | Noticed a red ugly thing
 14579 | D:12     | Killed a red ugly thing
 14793 | D:12     | Noticed Josephine
 14798 | D:12     | Received a gift from Trog
 14810 | D:12     | Killed Josephine
 14810 | D:12     | Reached XP level 12. HP: 105/106 MP: 16/16
 14948 | D:12     | Reached skill level 10 in Fighting
 15038 | D:12     | Noticed a two-headed ogre
 15041 | D:12     | Killed a two-headed ogre
 15041 | D:12     | Reached skill level 10 in Armour
 15391 | D:13     | Reached skill level 10 in Slings
 15406 | D:12     | Received a gift from Trog
 15657 | D:9      | Bought a translucent morningstar for 198 gold pieces
 15657 | D:9      | Identified the +6 morningstar "Ohakyrie" {crush, *Slow
                  | Str+3 Dex+3} (You bought it in a shop on level 9 of the
                  | Dungeon)
 15682 | D:9      | Bought a +1 buckler of protection for 214 gold pieces
 15891 | D:13     | Noticed Sonja
 16088 | D:13     | Reached skill level 1 in Throwing
 16098 | D:13     | Killed Sonja
 16417 | D:13     | Noticed an eight-headed hydra
 16434 | D:13     | Killed a three-headed hydra
 17058 | D:14     | HP: 2/110 [red ugly thing (9)]
 17058 | D:14     | Mangled by a red ugly thing

Skill      XL: |  1  2  3  4  5  6  7  8  9 10 11 12 |
---------------+-------------------------------------+-----
Armour         | 1 2 3 4 6 7 8 9 10 | 10.9
Maces & Flails | 1 2 3 5 6 7 9 10 12 | 12.9
Fighting       | 3 4 5 6 7 8 9 11 | 11.0
Slings         | 5 6 7 8 9 10 | 10.0
Evocations     | 1 2 3 4 5 6 7 |  7.7
Shields        | 2 4 6 7 |  7.9
Throwing       | 2 |  2.7
Dodging        | |  2.2
Stealth        | |  0.7

Action                   |  1- 3 |  4- 6 |  7- 9 | 10-12 || total
-------------------------+-------+-------+-------+-------++-------
Melee: Club              |    74 |       |       |       ||    74
       Headbutt          |    16 |    25 |    37 |   116 ||   194
       Mace              |    16 |     4 |       |       ||    20
       Whip              |       |   160 |    92 |       ||   252
       Morningstar       |       |       |   145 |   577 ||   722
       Hand axe          |       |       |       |    47 ||    47
       Unarmed           |       |       |       |    28 ||    28
 Fire: Hunting sling     |     7 |    69 |   229 |    99 ||   404
       Blowgun           |       |       |       |     5 ||     5
Throw: Tomahawk          |     2 |       |    22 |   209 ||   233
       Stone             |       |       |     2 |       ||     2
       Javelin           |       |       |       |    35 ||    35
Invok: Berserk           |       |       |     3 |    10 ||    13
 Abil: Evoke Invisibilit |       |       |       |     1 ||     1
Evoke: Wand              |       |       |       |    12 ||    12
       Lamp of fire      |       |       |       |     1 ||     1
  Use: Scroll            |     1 |     3 |       |    10 ||    14
       Potion            |       |     1 |       |     3 ||     4
 Stab: Paralysed         |       |       |       |     3 ||     3
  Eat: Chunk             |     1 |     8 |    10 |    31 ||    50
       Ration            |       |       |     5 |     2 ||     7
Armor: Leather armour    |    12 |       |       |       ||    12
       Scale mail        |    24 |    85 |    32 |       ||   141
       Chain mail        |       |       |    99 |    92 ||   191
       Plate armour      |       |       |       |   249 ||   249
Dodge: Dodged            |    70 |   118 |   101 |   169 ||   458
Block: Shield            |       |       |    24 |   263 ||   287
       Buckler           |       |       |       |    45 ||    45
